 Dungeon Sprint DCSS version 0.30-a0-210-g01b79a254e (webtiles) character file.

Game seed: 17858627645635047805

119 mhtbhm the Geomancer (level 5, -2/28 HPs)
             Began as a Gargoyle Earth Elementalist on Oct 4, 2022.
             Slain by a scorpion (4 damage)
             ... in the Dungeon (Sprint II: "The Violet Keep of Menkaure").
             The game lasted 00:00:43 (40 turns).

mhtbhm the Geomancer (Gargoyle Earth Elementalist)    Turns: 40, Time: 00:00:44

Health: -2/28      AC:  6    Str: 11    XL:     5   Next: 3%
Magic:  0/12       EV: 12    Int: 18    God:
Gold:   0          SH:  0    Dex: 10    Spells: 13/14 levels left

rFire   . . .      SeeInvis .    (no weapon)
rCold   . . .      Faith    .    (no shield)
rNeg    + . .      Spirit   .    a - +0 robe
rPois   ∞          Reflect  .    (no helmet)
rElec   +          Harm     .    (no cloak)
rCorr   .          Rampage  .    (no gloves)
Will    .....      NoTele   +    (no boots)
Stlth   ++........               (no amulet)
HPRegen 0.24/turn                (no ring)
MPRegen 0.13/turn                (no ring)

@: on berserk cooldown, slowed, very slow
A: sickness immunity, AC +4, negative energy resistance 1, electricity
resistance, torment resistance 1, petrification resistance
a: no special abilities


You were in the Dungeon.
You visited 1 branch

Inventory:

Armour
 a - a +0 robe (worn)
Scrolls
 g - a scroll of blinking
Potions
 b - a potion of magic
 e - a potion of haste


   Skills:
 - Level 0.7 Fighting
 + Level 3.3 Dodging
 + Level 3.4 Stealth
 + Level 5.0 Spellcasting
 + Level 1.0 Transmutations
 + Level 8.7 Earth Magic


You had 13 spell levels left.
You knew the following spells:

 Your Spells              Type           Power      Damage    Failure   Level
a - Sandblast             Erth           72%        2d16      1%          1

Your spell library contained the following spells:

 Spells                   Type           Power      Damage    Failure   Level
 Passwall                 Tmut/Erth      18%        N/A       2%          2
 Stone Arrow              Conj/Erth      40%        3d9       7%          3
 Petrify                  Tmut/Erth      22%        N/A       19%         4


Dungeon Overview and Level Annotations

Branches:
Dungeon (1/1)

Altars:


Innate Abilities, Weirdness & Mutations

You are immune to sickness and miasma.
Your stone body is resilient. (AC +4)
You are immune to poison.
You resist negative energy. (rN+)
You are resistant to electric shocks. (rElec)
You are resistant to unholy torment.
You are immune to petrification.


Message History

You kill the scorpion!
Your Dodging skill increases to level 3!
Your Spellcasting skill increases to level 5!
Your Transmutations skill increases to level 1!
Your Earth Magic skill increases to level 8!
You have reached level 5!
You hit the scorpion.
The scorpion is lightly wounded.
The scorpion stings you but does no damage.
You closely miss the scorpion.
The scorpion stings you but does no damage.
You completely miss the scorpion. You barely miss the scorpion.
The scorpion misses you.
You hit the scorpion.
The scorpion is lightly wounded.
You are no longer berserk.
You are exhausted.
You feel yourself slow down. The scorpion stings you.
* * * LOW HITPOINT WARNING * * *
Unknown command.
Okay, then.
Casting: Sandblast (safe; 1% risk of failure)
Confirm with . or Enter, or press ? or * to list all spells.
Aiming: Sandblast (safe; 1% risk of failure)
Press: ? - help, Shift-Dir - straight line, f - scorpion
Aim: a scorpion (lightly wounded, 84% to hit)
The blast of sand hits the scorpion but does no damage.
The scorpion is lightly wounded.
The scorpion misses you. The scorpion barely misses you.
The scorpion stings you but does no damage.
Unknown command.
Casting: Sandblast (safe; 1% risk of failure)
Confirm with . or Enter, or press ? or * to list all spells.
Aiming: Sandblast (safe; 1% risk of failure)
Press: ? - help, Shift-Dir - straight line, f/p - scorpion
Aim: a scorpion (lightly wounded, 84% to hit)
The blast of sand hits the scorpion.
The scorpion is heavily wounded.
The scorpion stings you.
You die...

###
###
.. ..
s#.
#s#
##@##
+.<.+
##.##
#+#


You could see 2 scorpions.

Vanquished Creatures
  2 scorpions (D)
2 creatures vanquished.

Notes
Turn   | Place    | Note
-------+----------+-------------------------------------------
     0 | D        | mhtbhm the Gargoyle Earth Elementalist began the quest for
                  | the Orb.
     0 | D        | Reached XP level 1. HP: 10/10 MP: 3/3
     1 | D        | Noticed a scorpion
     1 | D        | Noticed a scorpion
     1 | D        | Noticed a scorpion
     1 | D        | Noticed a scorpion
    17 | D        | Killed a scorpion
    18 | D        | Reached skill level 7 in Earth Magic
    18 | D        | Reached XP level 2. HP: 4/16 MP: 0/7
    18 | D        | Reached XP level 3. HP: 5/20 MP: 0/8
    18 | D        | Reached XP level 4. HP: 7/24 MP: 0/10
    33 | D        | Killed a scorpion
    34 | D        | Reached skill level 5 in Spellcasting
    34 | D        | Reached skill level 1 in Transmutations
    34 | D        | Reached skill level 8 in Earth Magic
    34 | D        | Reached XP level 5. HP: 5/28 MP: 1/12
    38 | D        | HP: 1/28 [scorpion (3)]
    40 | D        | Slain by a scorpion

Illustrated notes

Levels and vault maps discovered:
D:        the_violet_keep_of_menkaure [sprint2_stairs_cluster_1,
          sprint2_shoproom, sprint2_temple, sprint2_basic_supplies,
          sprint2_obstacle_7, sprint2_obstacle_4, sprint2_obstacle_2,
          sprint2_obstacle_5, sprint2_obstacle_6, sprint2_timed_cluster_1,
          sprint2_smallroom_cluster_1, sprint2_smallroom_final_cluster_1,
          sprint2_transparent_cluster_1, sprint2_second_timed_cluster_1,
          sprint2_sniper_area_1, sprint2_heavy_combat_area_1,
          sprint2_mutation_trap_area_1, sprint2_forest_area_1,
          sprint2_light_combat_area_1, sprint2_behind_water_1,
          sprint2_near_end_vault_1]

Skill      XL: |  1  2  3  4 |
---------------+-------------+-----
Dodging        | 2 3 |  3.3
Stealth        | 3 |  3.4
Spellcasting   | 4 5 |  5.0
Earth Magic    | 7 8 |  8.7
Transmutations | 1 |  1.0
Fighting       | |  0.7

Action                   |  1- 3 |  4- 6 || total
-------------------------+-------+-------++-------
Melee: Unarmed           |     1 |    21 ||    22
 Cast: Sandblast         |    10 |     2 ||    12
  Use: Potion            |     5 |       ||     5
Armor: Robe              |     4 |     5 ||     9
Dodge: Dodged            |    12 |    10 ||    22

Table legend: (Time is in decaauts)
 A = Elapsed time spent in this place.
 B = Non-inter-level travel time spent in this place.
 C = Inter-level travel time spent in this place.
 D = Time resting spent in this place.
 E = Time spent auto-exploring this place.
 F = Levels seen in this place.
 G = Mean time per level.
                   A        B        C        D        E       F      G
               +--------+--------+--------+--------+--------+-----+--------+
         Total |     38 |     38 |      0 |      0 |      1 |   1 |   38.0 |
       Dungeon |     38 |     38 |      0 |      0 |      1 |   1 |   38.0 |
               +--------+--------+--------+--------+--------+-----+--------+

Top non-repeatable levels by time:
       D: 38 daAuts
